 Dungeon Sprint DCSS version 0.27.1-33-g824d729ab1 (webtiles) character file.

Game seed: 11843745095733880648

24 manyhoops the Ruffian (level 2, -22/22 HPs)
             Began as a Palentonga Transmuter on Nov 24, 2021.
             Annihilated by an ogre (23 damage)
             ... in the Dungeon (Sprint I: "Red Sonja").
             The game lasted 00:00:24 (16 turns).

manyhoops the Ruffian (Palentonga Transmuter)         Turns: 16, Time: 00:00:25

Health: -22/22     AC:  4    Str: 13    XL:     2   Next: 79%
Magic:  1/6        EV: 10    Int: 13    God:
Gold:   0          SH:  0    Dex: 10    Spells: 6/7 levels left

rFire    . . .     SeeInvis +     - Unarmed
rCold    . . .     Faith    .   (no shield)
rNeg     . . .     Spirit   .   a - +0 robe
rPois    .         Reflect  .   (helmet currently unavailable)
rElec    .         Harm     .   (no cloak)
rCorr    .         Rampage  .   (no gloves)
Will     .....     NoTele   +   (no barding)
Stlth    +.........             (no amulet)
HPRegen  0.07/turn              (no ring)
MPRegen  0.10/turn              (no ring)

@: appendages, on berserk cooldown, slowed, very slow
A: horns 2, talons 2, large, rugged brown scales 3, see invisible, deformed
body, roll 1, armoured tail
a: Rolling Charge, End Transformation


You were in the Dungeon.
You had temporarily grown beastly horns and talons.
You visited 1 branch

Inventory:

Armour
 a - a +0 robe (worn)
Wands
 f - a wand of digging (4)
Scrolls
 g - a scroll of blinking
Potions
 b - 2 potions of curing
 c - a potion of heal wounds
 d - a potion of haste
 e - 2 potions of magic


   Skills:
 + Level 1.0 Fighting
 + Level 2.3 Dodging
 + Level 5.1 Unarmed Combat
 + Level 3.0 Spellcasting
 + Level 2.8 Transmutations


You had 6 spell levels left.
You knew the following spells:

 Your Spells              Type           Power      Damage    Failure   Level
a - Beastly Appendage     Tmut           18%        N/A       7%          1

Your spell library contained the following spells:

 Spells                   Type           Power      Damage    Failure   Level
 Wereblood                Tmut           9%         N/A       11%         2
 Spider Form              Tmut/Pois      2%         N/A       36%         3
 Ice Form                 Ice/Tmut       5%         N/A       77%         4


Dungeon Overview and Level Annotations

Branches:
Dungeon (1/1)

Altars:


Innate Abilities, Weirdness & Mutations

You have temporarily grown beastly horns and talons.
You are completely covered in rugged brown scales. (AC +3, +7% HP)
You have supernaturally acute eyesight. (SInv)
Armour fits poorly on your strangely shaped body.
You can roll at nearby foes to attack.
You have a long armoured tail.


Message History

You feel yourself moving faster!
You feel mighty!
Ijyb zaps a wand.
Some rock shatters into small pieces.
You feel a strong urge to attack something.
There is an open door here.
You punch Ijyb!
Ijyb is heavily wounded.
You punch Ijyb! You claw Ijyb, but do no damage.
Ijyb is almost dead.
Ijyb drinks a potion.
Ijyb is healed!
You hit Ijyb but do no damage. Your kick misses Ijyb. You headbutt Ijyb!
You kill Ijyb!
Your Dodging skill increases to level 2!
Your Unarmed Combat skill gained 2 levels and is now at level 5!
Your Spellcasting skill increases to level 3!
You have reached level 2!
Your magical contamination has completely faded away.
f - a wand of digging (4);
b - 2 potions of curing (gained 1)
Things that are here:
a +0 club; a +0 leather armour; the goblin corpse of Ijyb You feel a strong urge to attack something.
The door flies open with a bang!
An ogre comes into view. It is wielding a +0 giant club.
You are no longer berserk.
You are exhausted.
You feel yourself slow down.
Okay, then.
Casting: Beastly Appendage (safe; 7% risk of failure)
Confirm with . or Enter, or press ? or * to list all spells.
You extend your transformation's duration.
You barely miss the ogre. You claw the ogre.
The ogre is lightly wounded.
The ogre hits you with a +0 giant club!!
Ouch! That really hurt!
* * * LOW HITPOINT WARNING * * *
You hit the ogre. You tail-slap the ogre.
The ogre is moderately wounded.
The ogre barely misses you.
The ogre hits you with a +0 giant club!!
Ouch! That really hurt!
You die...

##########
#<.#.@O..#
#..').#..+
#...### +#
#..## #..#
#..# #⌠⌠#
####


You could see an ogre.

Vanquished Creatures
  Ijyb (D)
1 creature vanquished.

Notes
Turn   | Place    | Note
-------+----------+-------------------------------------------
     0 | D        | manyhoops the Palentonga Transmuter began the quest for the
                  | Orb.
     0 | D        | Reached XP level 1. HP: 16/16 MP: 3/3
     4 | D        | Noticed Ijyb
     9 | D        | Killed Ijyb
    10 | D        | Reached skill level 5 in Unarmed Combat
    10 | D        | Reached XP level 2. HP: 22/22 MP: 1/6
    13 | D        | Noticed an ogre
    15 | D        | HP: 1/22 [ogre (21)]
    16 | D        | Annihilated by an ogre

Illustrated notes

Levels and vault maps discovered:
D:        dungeon_sprint_1 [red_sonja_temple_1, red_sonja_temple_small_1]

Skill      XL: |  1 |
---------------+----+-----
Dodging        | 2 |  2.3
Unarmed Combat | 5 |  5.1
Spellcasting   | 3 |  3.0
Fighting       | |  1.0
Transmutations | |  2.8

Action                   || total
-------------------------++-------
Melee: Unarmed           ||     5
       Kick              ||     2
       Headbutt          ||     1
       Tailslap          ||     1
 Cast: Beastly Appendage ||     2
  Use: Potion            ||     1
Dodge: Dodged            ||     1
